cohdb
Replays
Latest Replays
All Replays
Popular Replays
Top Player Replays
Match Explorer
How It Works
Community
CoH3 Stats
Reddit
Sign in to upload your games and track your stats! →
Sign in with Steam
Match 45212728
Unlisted
Match 45212728
Overview
Messages
Build Orders
End
Construct Barracks
Riflemen Squad
Riflemen Squad
1⁄4-ton 4x4 Truck
Riflemen Squad
Construct Medical Station
Construct Weapon Support Center
Construct Medical Station
Grenade Package
Construct Weapon Support Center
Air Support Center
Bazooka Squad
M3 Armored Personnel Carrier
M3 Armored Personnel Carrier
Selects Special Operations Battlegroup
Selects Special Operations Battlegroup
Grasshopper Recon Run
seen_4
873143789
CPU - VERY EASY
kamikazei
紫苏子
JangGF
ONEGOODMAN
舒宰
0
0
Comments
sign in to comment!
No comments posted yet!